 Dungeon Crawl Stone Soup version 0.21-a0-578-gc6e9d75 (webtiles) character file.

86 Gaball the Poker (level 4, 0/64 HPs)
             Began as a Naga Monk on Dec 18, 2017.
             Slain by Purgy (1 damage)
             ... in a sewer.
             The game lasted 00:04:29 (2204 turns).

Gaball the Poker (Naga Monk)                        Turns: 2204, Time: 00:04:30

Health: 0/64       AC: 22    Str: 14    XL:     4   Next: 50%
Magic:  4/4        EV:  1    Int: 11    God:
Gold:   185        SH:  0    Dex: 13    Spells: 0/3 levels left

rFire    . . .     SeeInvis +   a - +0 spear
rCold    . . .     Gourm    .   (no shield)
rNeg     + + +     Faith    .   (armour currently unavailable)
rPois    +         Spirit   .   (helmet currently unavailable)
rElec    .         Reflect  .   (cloak currently unavailable)
rCorr    .         Harm     .   (gloves currently unavailable)
MR       +....     NoTele   +   (no barding)
Stlth    ++........             (no amulet)
HPRegen  0.20/turn              (no ring)
MPRegen  0.09/turn              (no ring)

@: tree-form
A: large, see invisible, magic resistance 1, screaming 1, slow metabolism 1,
spit poison 1, evolution 1, AC +1
a: Spit Poison


You were in a sewer.
You were not hungry.
You were a tree.
You visited 1 branch of the dungeon, and saw 3 of its levels.
You also visited: Sewer.

You collected 185 gold pieces.

Inventory:

Hand Weapons
 a - a +0 spear (weapon)
Missiles
 s - a throwing net (quivered)
Armour
 b - a +0 robe (melded)
Jewellery
 g - an uncursed ring of magical power {unknown}
 k - a cursed ring of loudness {unknown}
 l - a cursed ring of loudness {unknown}
Scrolls
 e - a scroll of enchant weapon {unknown}
 f - 2 scrolls of blinking {unknown}
 i - a scroll of remove curse {unknown}
 j - 6 scrolls of teleportation {unknown}
 r - a scroll of identify {unknown}
 x - a scroll of fear {unknown}
 y - a scroll of random uselessness {unknown}
Potions
 d - a potion of mutation
 h - a potion of lignification
 m - a potion of brilliance {unknown}
 n - a potion of ambrosia {unknown}
 p - a potion of agility {unknown}
 q - a potion of curing {unknown}
 u - a potion of berserk rage {unknown}
 w - 2 potions of heal wounds {unknown}
Books
 o - a book of Minor Magic

   Spells                             Type                      Level
   a - Magic Dart                     Conjuration                  1
   b - Blink                          Translocation                2
   c - Call Imp                       Summoning                    2
   d - Slow                           Hexes                        2
   e - Conjure Flame                  Conjuration/Fire             3
   f - Mephitic Cloud                 Conjuration/Poison/Air       3
 t - a book of Cantrips

   Spells                             Type                      Level
   a - Confusing Touch                Hexes                        1
   b - Animate Skeleton               Necromancy                   1
   c - Summon Small Mammal            Summoning                    1
   d - Apportation                    Translocation                1
Comestibles
 c - 4 rations


   Skills:
 - Level 3.6 Fighting
 + Level 4.7 Polearms
 - Level 2.4 Dodging
 - Level 3.0 Stealth


You couldn't memorise any spells.
You knew the following spells:

 Your Spells              Type           Power        Failure   Level  Hunger
a - Mephitic Cloud        Conj/Pois/Air  #.......     71%         3    ####...


Dungeon Overview and Level Annotations

Branches:
Dungeon (3/15)

Altars:
Makhleb

Annotations:
Sewer Purgy


Innate Abilities, Weirdness & Mutations

You cannot wear boots.
((Your serpentine skin is tough. (AC +1)))
You have supernaturally acute eyesight. (SInv)
((Armour fits poorly on your strangely shaped body.))
((Your system is resistant to poisons. (rPois)))
((You cover ground very slowly.))
You have a slow metabolism.
You can spit poison.
((Your flesh is cold resistant. (rC+)))
You are resistant to hostile enchantments. (MR+)
You occasionally shout uncontrollably at your foes.
You evolve.


Message History

You barely miss Purgy.
Purgy is almost dead.
Purgy bites you.
* * * LOW HITPOINT WARNING * * *
Purgy claws you but does no damage. Purgy closely misses you.
You turn into a tree.
Your +0 robe melds into your body.
Your roots penetrate the ground.
Purgy bites you but does no damage. Purgy claws you but does no damage.
Purgy claws you.
* * * LOW HITPOINT WARNING * * *
Okay, then.
You hit Purgy.
Purgy is almost dead.
Purgy hisses menacingly.
Purgy bites you but does no damage. Purgy claws you but does no damage. x2
You hit Purgy.
Purgy is almost dead.
Purgy bites you.
* * * LOW HITPOINT WARNING * * *
Purgy claws you.
You die...

#####################
#.##.##[##.##.##.##.#
#.##.##.##.##.##.##.#
#'##†##)##(##'##'##'#
###...................##
≈≈≈≈≈#≈≈≈≈≈≈≈≈≈.≈≈≈≈≈≈≈≈≈#≈
≈≈≈≈≈#≈≈≈≈≈≈≈≈≈∩≈≈≈≈≈≈≈≈≈#≈
≈≈≈≈≈#≈≈≈≈≈≈≈≈≈.≈≈≈≈≈≈≈≈≈#≈
######....♣..............##
#+##T##'##(##'##'##'# #.
#)##.##.##.##.# #!
#)##∩##.##.##.# ##
###############


You could see Purgy.

Vanquished Creatures
  2 adders (D:3)
  A worm (D:2)
  3 dart slugs (D:1)
  4 leopard geckos
  8 bats
  2 giant cockroaches
  5 goblins
  8 hobgoblins
  A quokka (D:2)
  2 ball pythons (D:3)
  5 frilled lizards
  8 kobolds
  7 rats
56 creatures vanquished.

Notes
Turn   | Place    | Note
-------+----------+-------------------------------------------
     0 | D:1      | Gaball the Naga Monk began the quest for the Orb.
     0 | D:1      | Reached XP level 1. HP: 21/21 MP: 1/1
   157 | D:1      | Reached XP level 2. HP: 28/28 MP: 2/2
   607 | D:1      | Reached XP level 3. HP: 26/34 MP: 3/3
  1450 | D:2      | Reached skill level 4 in Polearms
  1700 | D:3      | Reached XP level 4. HP: 31/43 MP: 4/4
  1815 | D:3      | Learned a level 3 spell: Mephitic Cloud
  1824 | D:3      | Found a burning altar of Makhleb.
  1824 | D:3      | Noticed a balrug
  2028 | D:3      | Found a glowing drain.
  2034 | Sewer    | Entered a sewer
  2164 | Sewer    | Noticed Purgy
  2166 | Sewer    | Gained mutation: You occasionally shout uncontrollably at your foes. [potion of mutation]
  2166 | Sewer    | Gained mutation: You are resistant to hostile enchantments. (MR+) [potion of mutation]
  2166 | Sewer    | Gained mutation: You evolve. [potion of mutation]
  2166 | Sewer    | Gained mutation: Your flesh is cold resistant. (rC+) [potion of mutation]
  2204 | Sewer    | HP: 1/64 [Purgy (3)]
  2204 | Sewer    | Slain by Purgy

Vault maps used:
D:1:      matt_arrival_los_fun, minmay_misc_feat_four_crosses
D:3:      kennysheep_big_flooded_room, gup_sewer_entry_bubbles,
          makhleb_altar_promises_db
Sewer:    kennysheep_door_sewer

Skill      XL: |  1  2  3 |
---------------+----------+-----
Polearms       | 4 |  4.7
Fighting       | |  3.6
Dodging        | |  2.4
Stealth        | |  3.0

Action                   |  1- 3 |  4- 6 || total
-------------------------+-------+-------++-------
Melee: Spear             |   161 |   101 ||   262
 Abil: Spit Poison       |       |     1 ||     1
  Use: Potion            |       |     3 ||     3
 Stab: Sleeping          |     8 |     3 ||    11
  Eat: Chunk             |     2 |     2 ||     4
Armor: Robe              |    19 |    17 ||    36
       Skin              |       |    79 ||    79
Dodge: Dodged            |    60 |    35 ||    95

Table legend:
 A = Spawn XP
 B = Non-spawn XP
 C = Spawn XP percentage of total XP
 D = Spawn monster count
 E = Non-spawn monster count
 F = Spawn count percentage of total count
 G = Total turns spent on level
                    A         B        C        D         E        F      G
               +---------+---------+-------+---------+---------+-------+---------
         Total |       0 |     124 |   0.0 |       0 |      56 |   0.0 |  2204
               +---------+---------+-------+---------+---------+-------+---------
           D:1 |       0 |      40 |   0.0 |       0 |      21 |   0.0 |   796
           D:2 |       0 |      27 |   0.0 |       0 |      14 |   0.0 |   875
           D:3 |       0 |      50 |   0.0 |       0 |      16 |   0.0 |   363
         Sewer |       0 |       7 |   0.0 |       0 |       5 |   0.0 |   170
               +---------+---------+-------+---------+---------+-------+---------
